Map: Cerulean Fall LE

Players

IIIIIIIIIIII - Winner!

  • Race: Terran Terran
  • League: Grandmaster
  • Spawn Location: 7:00

GunGFuBanDa

  • Race: Protoss Protoss
  • League: Grandmaster
  • Spawn Location: 1:00

VOD

Have the link to the VOD?

Description

Time

  • Played on: Jan. 4, 2019, 9:26 a.m.
  • Length: 11:22
Show
View Real Time Build Order
Export as new Build Order

IIIIIIIIIIII Terran - Winner!

Build Orders: Gas First Reaper Expand 

Get SALT Encoding   

  12  0:00  SCV  
  13  0:13  SCV  
  14  0:17  Supply Depot  
  14  0:25  SCV  
  14  0:28  Refinery  
  15  0:39  SCV  
  16  0:45  Barracks  
  16  0:51  SCV  
  17  1:03  SCV  
  18  1:15  SCV  
  19  1:32  Orbital Command, Reaper  
  20  1:44  Command Center  
  20  1:55  Factory  
  20  1:59  SCV  
  21  2:06  Barracks Reactor  
  21  2:11  SCV  
  21  2:15  Supply Depot  
  22  2:16  Refinery  
  22  2:23  SCV  
  23  2:37  SCV  
  24  2:40  Hellion  
  24  2:42  Starport  
  24  2:43  Marine x2  
  28  2:49  SCV  
  29  2:56  Orbital Command  
  29  3:01  SCV  
  30  3:07  Marine  
  30  3:08  Marine  
  30  3:09  Widow Mine  
  34  3:13  SCV  
  34  3:19  Medivac  
  37  3:22  SCV  
  37  3:25  Marine x2, SCV  
  41  3:34  Factory Tech Lab  
  41  3:36  Supply Depot  
  41  3:37  SCV x2  
  43  3:44  Marine x2  
  45  3:49  SCV  
  45  3:54  Refinery  
  46  3:57  SCV  
  46  3:59  Factory Tech Lab  
  46  4:00  Raven  
  46  4:01  Supply Depot, SCV  
  46  4:02  Marine x2  
  52  4:09  SCV  
  53  4:13  Barracks, SCV  
  54  4:22  SCV  
  52  4:25  Marine x2, SCV  
  52  4:26  Siege Tank  
  52  4:29  Supply Depot  
  52  4:30  Barracks  
  58  4:34  SCV  
  58  4:38  SCV  
  60  4:43  Marine x2  
  62  4:47  Engineering Bay  
  62  4:50  SCV x2  
  62  4:52  Supply Depot  
  63  5:00  Marine  
  63  5:01  Marine  
  63  5:03  SCV x2  
  63  5:05  Supply Depot  
  67  5:08  Stimpack, Marine  
  65  5:15  Starport Reactor, SCV  
  65  5:16  SCV  
  65  5:17  Terran Infantry Weapons Level 1  
  65  5:18  Marine x2  
  69  5:22  Factory Reactor  
  69  5:24  Command Center  
  70  5:29  Combat Shield  
  70  5:32  Supply Depot  
  70  5:35  Marine x2  
  71  5:36  Marine x2  
  71  5:39  SCV x2  
  71  5:42  Refinery x2  
  75  5:51  SCV x2  
  75  5:52  Marine  
  75  5:53  Marine  
  75  5:54  Supply Depot, Marine x2  
  81  5:58  Supply Depot  
  81  5:59  Medivac  
  81  6:03  SCV x2  
  84  6:07  Medivac  
  84  6:10  Marine x2  
  88  6:12  Marine x2  
  88  6:15  SCV x2  
  92  6:21  Widow Mine x2  
  92  6:25  Barracks x2  
  96  6:29  Medivac  
  96  6:30  Marine x2  
  99  6:36  Marauder x2  
  99  6:37  Medivac  
  99  6:38  Orbital Command  
  105  6:44  Widow Mine x2  
  109  6:57  Marauder, Marine x2  
  109  6:58  Marauder  
  109  7:00  Orbital Command  
  115  7:04  SCV  
  115  7:05  SCV  
  117  7:09  Widow Mine x2, Medivac x2  
  117  7:13  Supply Depot x2  
  125  7:19  Terran Infantry Armor Level 1  
  125  7:29  SCV  
  125  7:32  SCV  
  125  7:33  Marine  
  125  7:34  Marauder, Marine, SCV  
  130  7:38  Barracks Tech Lab, Barracks Reactor  
  130  7:40  Refinery  
  130  7:41  Refinery, Supply Depot, SCV  
  130  7:42  Supply Depot  
  130  7:44  Marauder, SCV  
  130  7:46  SCV  
  132  7:55  SCV  
  132  7:56  Marauder, SCV, Engineering Bay, Armory  
  136  7:58  SCV  
  134  8:05  Marauder  
  134  8:06  Marauder  
  134  8:08  SCV  
  134  8:10  Marine, SCV x2  
  134  8:12  Marine  
  132  8:14  Marine x2  
  132  8:17  Widow Mine, Marauder  
  126  8:21  SCV  
  126  8:22  SCV  
  126  8:27  Ghost Academy, Marine  
  124  8:28  Marine x2  
  124  8:30  Marine  
  124  8:32  Liberator  
  124  8:33  Liberator  
  123  8:36  SCV x2  
  123  8:40  Marauder, Marine  
  123  8:43  Marine  
  123  8:45  Marine  
  124  8:58  Marine x3  
  126  9:02  SCV  
  126  9:03  SCV x2  
  126  9:12  Ghost x2  
  126  9:14  Starport  
  126  9:15  Liberator, Marine x2  
  126  9:16  Liberator  
  132  9:18  SCV x3  
  132  9:20  Ghost  
  132  9:21  Marine x2  
  135  9:28  Supply Depot  
  137  9:36  Marine x2  
  142  9:38  Marine  
  142  9:39  Marine  
  142  9:40  Liberator  
  142  9:42  Supply Depot x2  
  142  9:43  Supply Depot  
  142  9:44  Marauder  
  148  9:45  Marauder  
  148  9:48  Bunker  
  148  9:49  Marine  
  149  9:53  Marine  
  149  9:54  Marine  
  149  9:56  Supply Depot, Marine  
  149  9:57  Marine  
  149  9:59  Viking  
  158  10:04  Liberator x2  
  158  10:05  Marine, Concussive Shells  
  158  10:06  Marine  
  160  10:07  Marine  
  160  10:11  Marine x2  
  162  10:14  Marine x2  
  164  10:23  Marine  
  164  10:24  Marine  
  164  10:25  Marine  
  173  10:29  Marine  
  173  10:30  Marine  
  173  10:32  Marine  
  173  10:33  Marine  
  177  10:41  Marauder  
  177  10:42  Marauder  
  171  10:44  Marauder  
  171  10:47  Marine  
  171  10:48  Marine  
  164  10:50  Marine  
  164  10:51  Marine  
  147  11:02  Marine  
  147  11:03  Marine  
Show
View Real Time Build Order
Export as new Build Order

GunGFuBanDa Protoss 

Build Orders: 1 Gate Expand, Blink Stalkers 

Get SALT Encoding   

  12  0:01  Probe  
  13  0:13  Probe  
  14  0:19  Pylon  
  14  0:24  Probe  
  15  0:33  Probe  
  15  0:38  Gateway  
  15  0:41  Probe  
  16  0:47  Assimilator  
  17  0:52  Probe  
  18  1:04  Probe  
  19  1:16  Probe  
  20  1:23  Nexus  
  20  1:34  Cybernetics Core  
  20  1:37  Probe  
  21  1:45  Assimilator  
  21  1:49  Probe  
  21  1:53  Pylon  
  23  2:01  Probe  
  23  2:02  Adept  
  23  2:10  Warp Gate  
  23  2:13  Probe  
  26  2:21  Twilight Council  
  26  2:26  Probe  
  27  2:31  Stalker  
  27  2:32  Probe  
  27  2:34  Probe  
  30  2:40  Probe  
  30  2:42  Probe  
  32  2:50  Probe, Blink  
  33  2:53  Probe  
  35  3:00  Probe  
  35  3:05  Stalker  
  38  3:08  Probe  
  38  3:10  Probe  
  38  3:12  Pylon  
  39  3:18  Probe  
  40  3:20  Probe  
  42  3:30  Probe  
  42  3:32  Probe  
  44  3:35  Robotics Facility, Stalker  
  44  3:39  Shield Battery  
  46  3:44  Probe x2  
  48  3:51  Gateway  
  48  3:53  Gateway  
  48  3:57  Probe  
  48  3:58  Assimilator  
  48  3:59  Probe  
  50  4:05  Pylon  
  50  4:14  Stalker  
  52  4:23  Observer  
  52  4:25  Probe  
  52  4:27  Probe  
  55  4:39  Nexus  
  55  4:42  Stalker  
  54  4:48  Probe x2  
  54  4:50  Charge  
  56  4:55  Observer  
  56  4:57  Stalker x2  
  61  5:01  Forge, Nexus  
  61  5:04  Pylon, Forge  
  61  5:08  Observer  
  61  5:14  Pylon  
  61  5:17  Protoss Ground Armor Level 1  
  61  5:20  Probe, Gateway  
  62  5:23  Gateway  
  62  5:25  Protoss Ground Weapons Level 1  
  62  5:33  Sentry, Stalker x2  
  68  5:40  Probe x2  
  70  5:47  Pylon  
  70  5:56  Gateway x2  
  70  5:58  Sentry, Pylon, Probe x2, Zealot  
  76  6:05  Zealot  
  76  6:08  Probe  
  76  6:10  Probe  
  78  6:16  Adept, Probe  
  78  6:17  Probe  
  80  6:20  Probe, Stalker  
  80  6:21  Observer  
  80  6:25  Probe  
  84  6:29  Probe x2  
  86  6:34  Gateway  
  86  6:36  Gateway  
  87  6:42  Pylon  
  87  6:47  Zealot x4  
  87  6:51  Zealot  
  97  7:08  Pylon  
  97  7:10  Protoss Ground Armor Level 2  
  97  7:12  Zealot x4  
  105  7:20  Protoss Ground Weapons Level 2  
  105  7:24  Zealot x3  
  102  7:31  Zealot x2  
  101  7:38  Zealot x4  
  101  7:41  Observer  
  101  7:43  Pylon  
  110  7:50  Pylon  
  110  7:51  Pylon  
  110  8:01  Probe x3  
  107  8:06  Zealot x5  
  107  8:09  Zealot x3  
  101  8:14  Immortal  
  101  8:16  Zealot  
  97  8:28  Zealot x3  
  97  8:30  Sentry, Probe  
  97  8:31  Probe  
  107  8:36  Probe  
  106  8:43  Probe  
  106  8:44  Zealot  
  106  8:47  Zealot x3  
  93  8:58  Zealot x4  
  95  9:04  Sentry  
  95  9:05  Sentry  
  99  9:13  Sentry, Zealot x2  
  99  9:14  Pylon  
  105  9:19  Zealot  
  105  9:20  Zealot x2  
  111  9:28  Templar Archives  
  103  9:36  Zealot x4  
  103  9:37  Zealot  
  113  9:45  Warp Prism  
  108  10:14  Zealot x9  
  122  10:26  Dark Shrine  
  122  10:38  High Templar x3  
  122  10:39  High Templar  
  120  11:01  Nexus  
  102  11:08  Archon x2  
Tags
 
Add a new tag
Caveats
  • Supply blocks, unpowered buildings, or Contaminate may cause inaccurate times.
  • Supply counts are checked every 10 seconds.